 Dungeon Crawl Stone Soup version 0.21.0-25-ge575cb9 (webtiles) character file.

39 Monsterracer the Slasher (level 3, 0/31 HPs)
             Began as a Minotaur Monk on Jan 24, 2018.
             Killed from afar by an orc wizard (4 damage)
             ... with a puff of flame
             ... on level 2 of the Dungeon.
             The game lasted 00:03:56 (1057 turns).

Monsterracer the Slasher (Minotaur Monk)            Turns: 1057, Time: 00:03:56

Health: 0/31       AC:  7    Str: 15    XL:     3   Next: 26%
Magic:  2/2        EV: 12    Int:  7    God:
Gold:   72         SH:  0    Dex: 13    Spells: 2/2 levels left

rFire    + . .     SeeInvis .   a - +0 falchion {!a}
rCold    . . .     Gourm    .   (no shield)
rNeg     . . .     Faith    .   l - +0 ring mail (curse)
rPois    .         Spirit   .   (helmet restricted)
rElec    .         Reflect  .   (no cloak)
rCorr    .         Harm     .   (no gloves)
MR       .....                  e - +1 pair of boots {Fly}
Stlth    +.........             j - amulet of rage
HPRegen  0.10/turn              d - ring of protection from fire {!d}
MPRegen  0.08/turn              (no ring)

@: flying
A: retaliatory headbutt, horns 2
a: Evoke Berserk Rage, Stop Flying


You were on level 2 of the Dungeon.
You were not hungry.

You visited 1 branch of the dungeon, and saw 2 of its levels.

You collected 72 gold pieces.

Inventory:

Hand Weapons
 a - a +0 falchion (weapon) {!a}
Armour
 e - a +1 pair of boots of flying (worn)
 l - a cursed +0 ring mail (worn)
Jewellery
 d - a ring of protection from fire (left hand) {!d}
 j - an amulet of rage (around neck)
Scrolls
 k - a scroll of teleportation {unknown}
Potions
 f - a potion of degeneration {unknown}
 g - a potion of mutation {unknown}
 h - a potion of flight {unknown}
 i - a potion of curing {unknown}
Comestibles
 c - 3 rations


   Skills:
 - Level 3.6 Fighting
 * Level 4.8 Long Blades
 + Level 3.8 Dodging
 - Level 1.5 Stealth


You had 2 spell levels left.
You didn't know any spells.

Dungeon Overview and Level Annotations

Branches:
Dungeon (2/15)

Altars:


Innate Abilities, Weirdness & Mutations

You reflexively headbutt those who attack you in melee.
You have a pair of horns on your head.


Message History

A bat comes into view.
A bat is nearby!
The bat hits you but does no damage. The bat completely misses you.
You furiously retaliate!
You headbutt the bat. The bat barely misses you. You furiously retaliate!
You headbutt the bat!
You kill the bat!
You see here a bat corpse.
Found a ring mail.
Found a stone staircase leading down.
A frilled lizard comes into view.
The frilled lizard hisses angrily.
The frilled lizard misses you. The frilled lizard misses you.
The frilled lizard bites you.
You take 2 damage, and have 29/31 hp.
The frilled lizard barely misses you.
You riposte.
You closely miss the frilled lizard. The frilled lizard closely misses you.
You furiously retaliate!
You headbutt the frilled lizard.
You kill the frilled lizard!
You see here a ring mail.
l - a ring mail Wear which item? (? for menu, Esc to quit)
You start removing your armour.
You continue taking off your +0 robe. x4
You finish taking off your +0 robe.
You start putting on your armour.
You continue putting on your ring mail. x5
You finish putting on your cursed +0 ring mail.
Oops, that feels deathly cold.
Health restored: 31
There is a stone staircase leading down here.
You see here a frilled lizard corpse.
Found a stone staircase leading down.
Done exploring.
Done exploring.
Drop what? 12/52 slots (_ for help) (? for menu, Esc to quit)
You drop a +0 robe.
Put on which piece of jewellery? (? for menu, Esc to quit)
d - a ring of protection from fire (left hand)
There is a stone staircase leading down here.
You fly downwards.
There is a stone staircase leading up here.
You now have 72 gold pieces (gained 11).
Found a stone staircase leading up. 2 orcs come into view.
Things that are here:
a leather armour; a ring mail An orc and an orc wizard come into view.
An orc wizard comes into view. It is wielding a dagger.
The orc wizard shouts!
The orc shouts! x2
The orc throws a tomahawk.
The tomahawk closely misses you.
The orc wizard casts a spell.
The orc wizard seems to speed up.
The orc wizard gestures wildly while chanting.
The orc wizard blinks!
The orc wizard points at you and mumbles some strange words.
You are confused.
A worm comes into view.
The orc closely misses you.
The orc wizard gestures at you while chanting.
The magic dart hits you!
You take 2 damage, and have 29/31 hp.
You closely miss the orc. Your headbutt misses the orc.
The orc hits you but does no damage. x2
The orc hits you but does no damage. The orc hits you with a trident.
Found a hunting sling.
You take 3 damage, and have 26/31 hp.
You're too confused to move!
The orc hits you but does no damage. The orc hits you with a trident!
The orc wizard hits you with a dagger.
A dart slug comes into view.
You take 10 damage, and have 16/31 hp.
MASSIVE DAMAGE!!
The orc wizard gestures wildly while chanting.
The orc wizard blinks!
The orc closely misses you. The worm bites you!
* * * LOW HITPOINT WARNING * * *
You take 10 damage, and have 6/31 hp.
MASSIVE DAMAGE!!
You hit the orc. Your headbutt misses the orc.
The orc is heavily wounded.
You feel less confused. The orc barely misses you. x2
The orc wizard hits you but does no damage.
The worm bites you but does no damage.
The orc throws a tomahawk.
The tomahawk hits you.
* * * LOW HITPOINT WARNING * * *
You see here a tomahawk.
You take 3 damage, and have 3/31 hp.
The orc wizard mumbles some strange words.
The orc wizard blinks!
The orc wizard casts a spell at you. You resist with significant effort.
Press: ? - help, v - describe, . - travel
Here: an orc wizard, wielding an enchanted dagger and wearing a robe The floor.
The orc wizard casts a spell.
The orc wizard flickers and vanishes!
Deactivating autopickup; reactivate with Ctrl-A.
The orc throws a tomahawk.
The tomahawk closely misses you.
You see here a tomahawk.
The orc throws a tomahawk.
The tomahawk hits you but does no damage.
A puff of flame appears from out of thin air!
The puff of flame hits you! You resist.
You die...

#...............#
#..#.#..##########
#..##.#..#
#....#.#..#
.#..#.#..# .....#[(#
#...#..#
.####..#..###########
.............@(.....#
####...o########{###
.......<..o.oo{....#
######w..#######...#
.).....# #...#
#.......# #...#
#......w# #...#
#........ #....
######..# #...##


You could see an orc.

Vanquished Creatures
  2 oozes (D:1)
  5 giant cockroaches (D:1)
  5 goblins (D:1)
  3 hobgoblins (D:1)
  3 kobolds (D:1)
  A ball python (D:1)
  3 bats (D:1)
  2 frilled lizards (D:1)
  6 rats (D:1)
30 creatures vanquished.

Notes
Turn   | Place    | Note
-------+----------+-------------------------------------------
     0 | D:1      | Monsterracer the Minotaur Monk began the quest for the Orb.
     0 | D:1      | Reached XP level 1. HP: 19/19 MP: 0/0
   116 | D:1      | Reached skill level 4 in Long Blades
   223 | D:1      | Reached XP level 2. HP: 26/26 MP: 1/1
   556 | D:1      | Reached XP level 3. HP: 31/31 MP: 2/2
  1044 | D:2      | HP: 6/31 [worm (10)]
  1057 | D:2      | Killed from afar by an orc wizard

Skill      XL: |  1 |
---------------+----+-----
Long Blades    | 4 |  4.8
Fighting       | |  3.6
Dodging        | |  3.8
Stealth        | |  1.5

Action                   || total
-------------------------++-------
Melee: Headbutt          ||     3
       Falchion          ||     2
Armor: Robe              ||    33
       Ring mail         ||     7
Dodge: Dodged            ||   114
       Rpst.: Falchion   ||    26

Vault maps used:
D:1:      mrwooster_arrival_statue_3, minivault_26, minmay_statues_item,
          minmay_hexomino_c4
D:2:      nicolae_overflow_crystal_walls, nicolae_dithmenos_shadow_blocks,
          tso_metal_star, elyvilon_altar_5, ashenzari_altar_1
